 Dungeon Crawl Stone Soup version 0.18.1-6-gd335043 (webtiles) character file.

14633 striepan the Carver (level 11, -5/104 HPs)
             Began as a Minotaur Gladiator on May 15, 2016.
             Was a High Priest of Okawaru.
             Killed by divine providence
             ... invoked by an orc priest
              (10 damage)
             ... on level 12 of the Dungeon on May 17, 2016.
             The game lasted 02:20:14 (16606 turns).

striepan the Carver (Minotaur Gladiator)           Turns: 16606, Time: 02:20:15

Health: -5/104     AC:  7    Str: 19    XL:     11   Next: 91%
Magic:  24/24      EV: 17    Int:  5    God:    Okawaru [*****.]
Gold:   593        SH:  0    Dex: 15    Spells: 0 memorised, 10 levels left

rFire  . . .     SeeInvis .     a - +0 long sword
rCold  . . .     Gourm    .     b - +0 leather armour
rNeg   + . .     Faith    .     (no shield)
rPois  .         Spirit   .     c - +0 hat
rElec  .         Dismiss  .     T - +0 cloak
rCorr  .         Reflect  .     C - +0 pair of gloves
SustAt .         Harm     .     V - +1 pair of boots {Fly}
MR     .....                    n - amulet of regeneration
Stlth  +.........               p - ring of positive energy
                                U - ring of magical power

@: flying, not resistant to hostile enchantments, very unstealthy
A: retaliatory headbutt, horns 2
a: Heroism, Finesse, Renounce Religion, Stop Flying


You were on level 12 of the Dungeon.
You worshipped Okawaru.
Okawaru was extremely pleased with you.
You were hungry.

You visited 1 branch of the dungeon, and saw 12 of its levels.

You collected 593 gold pieces.

Inventory:

Hand Weapons
 a - a +0 long sword (weapon)
 o - a +0 dagger of electrocution
 J - a +0 short sword of draining
Missiles
 d - 2 throwing nets (quivered)
 P - 5 tomahawks of returning
Armour
 b - a +0 leather armour (worn)
 c - a +0 hat (worn)
 C - a +0 pair of gloves (worn)
 T - a +0 cloak (worn)
 V - a +1 pair of boots of flying (worn)
 W - a +0 ring mail
Jewellery
 n - an amulet of regeneration (around neck)
 p - a ring of positive energy (right hand)
 t - an uncursed ring of fire
 x - an uncursed ring of fire
 A - an uncursed ring of loudness
 H - the ring "Tipnon" {*Tele +Inv rC+ MR++ Dex-5}
   (You found it on level 7 of the Dungeon)

   [ring of teleportation]

   It may teleport you next to monsters.
   It affects your dexterity (-5).
   It protects you from cold.
   It affects your resistance to hostile enchantments.
   It lets you turn invisible.
 L - an uncursed amulet of guardian spirit
 S - an uncursed ring of positive energy
 U - a ring of magical power (left hand)
Wands
 u - a wand of teleportation (5/9)
 y - a wand of lightning (5/15)
 z - a wand of disintegration (13/24)
 D - a wand of polymorph (11/24)
 E - a wand of random effects (38/48)
 M - a wand of paralysis (18/24)
 X - a wand of iceblast (6/15)
Scrolls
 e - 2 scrolls of enchant armour
 g - 3 scrolls of enchant weapon {unknown}
 h - 9 scrolls of identify
 i - 2 scrolls of magic mapping
 k - 2 scrolls of fear
 l - 10 scrolls of remove curse
 m - a scroll of teleportation {unknown}
 q - 2 scrolls of noise {unknown}
 r - 4 scrolls of recharging {unknown}
 w - 2 scrolls of amnesia {unknown}
 B - a scroll of immolation {unknown}
 F - a scroll of random uselessness {unknown}
 I - a scroll of blinking {unknown}
Potions
 j - a potion of lignification {unknown}
 s - a potion of curing {unknown}
 v - a potion of cure mutation {unknown}
 K - a potion of ambrosia {unknown}
 N - a potion of flight {unknown}
 Q - a potion of might {unknown}
Comestibles
 f - 10 bread rations
 G - 3 fruits
 O - a meat ration
 R - 3 slices of pizza


   Skills:
 - Level 12.0 Fighting
 + Level 14.9 Long Blades
 - Level 2.0 Throwing
 - Level 9.3 Dodging
 - Level 7.2 Invocations


You had 10 spell levels left.
You didn't know any spells.

Dungeon Overview and Level Annotations

Branches:
Dungeon (12/15)            Temple (0/1) D:5            Lair (0/8) D:9
    Orc: D:9-12

Altars:
Ashenzari
Dithmenos
Makhleb
Nemelex Xobeh
Okawaru
Pakellas
Qazlal
Ru
Trog
Xom
The Shining One
Beogh

Shops:
D:4 (   D:11 *

Portals:
Trove: D:10 (give 17 scrolls of identify)


Innate Abilities, Weirdness & Mutations

You reflexively headbutt those who attack you in melee.
You have a pair of horns on your head.


Message History

* * * LOW HITPOINT WARNING * * *
The white ugly thing freezes you!!
* * * LOW HITPOINT WARNING * * *
You barely miss the white ugly thing.
The white ugly thing is severely wounded.
The orc priest hits you but does no damage.
The white ugly thing barely misses you.
You slash the white ugly thing!
The white ugly thing is almost dead.
The orc priest calls down the wrath of Beogh upon you.
Pain shoots through your body!
* * * LOW HITPOINT WARNING * * *
You slash the white ugly thing!
You kill the white ugly thing!
Okawaru is honoured by your kill.
You slash the orc priest!
The orc priest is heavily wounded.
The orc priest calls down the wrath of Beogh upon you.
Beogh smites you!
You die...

#......#.#[# ###.. #......#.#.#
#.... #......#.#.# #.###
#......#.#.# #.# #......#.#.# #.#
.. #......#<#)####.###
....###......###.#....#..
................[#.####.#
#######.@.....####.####.#
#####†.o..#.##.........
#.........#.##.........
###########.........#[.#.).......
>.).................o....u>......
#.#########[....######..##.<....#
#. #.....# #####.##.###### 8.
#.....# #.............# o.
#.....# #.####.#.####.#


You could see an orc priest and an orc.

Vanquished Creatures
  Urug (D:12)
  The ghost of Moloch the Martial Artist, a novice DsFi of Okawaru (D:9)
  The ghost of Dragandan the Nimble, a novice TeBe of Trog (D:8)
  The ghost of Lloydski the Ducker, a novice TrFi of Xom (D:7)
  2 hill giants (D:11)
  An orc knight (D:12)
  An ugly thing (D:12)
  Joseph (D:7)
  A gargoyle (D:11)
  2 trolls (D:11)
  Prince Ribbit (D:7)
  A wraith (D:10)
  A hog (D:10)
  15 yaks
  A human (D:10)
  A hippogriff (D:6)
  A hungry ghost (D:7)
  2 hell hounds (D:9)
  6 orc warriors
  A black bear (D:9)
  A sky beast (D:6)
  3 phantoms
  A wasp (D:7)
  2 ice beasts
  4 ogres
  3 eyes of draining
  A centaur (D:12)
  5 big kobolds
  10 giant frogs
  A wyvern skeleton (D:10)
  6 scorpions
  A water moccasin skeleton (D:6)
  10 killer bees
  3 wights
  6 howler monkeys
  3 jellies
  A centaur zombie (D:11)
  A giant frog zombie (D:11)
  9 crimson imps
  8 hounds
  8 orc priests
  2 centaur skeletons
  3 gnoll shamans
  2 giant frog skeletons (D:6)
  7 orc wizards
  An iguana (D:10)
  5 worker ants
  Natasha (thrice) (D:4)
  2 sheep (D:10)
  3 worker ant zombies
  A howler monkey zombie (D:11)
  8 adders
  8 gnolls
  3 shadow imps
  An adder skeleton (D:6)
  3 worms
  3 dart slugs
  4 giant geckos
  42 orcs
  6 giant cockroaches
  14 goblins
  10 hobgoblins
  12 jackals
  11 quokkas
  A ball python (D:1)
  7 bats
  6 giant newts
  A jackal zombie (D:7)
  32 kobolds
  A quokka skeleton (D:6)
  4 rats
335 creatures vanquished.

Vanquished Creatures (others)
  A tengu reaver (D:2)
  A hippogriff (D:11)
2 creatures vanquished.

Grand Total: 337 creatures vanquished

Notes
Turn   | Place    | Note
--------------------------------------------------------------
     0 | D:1      | striepan the Minotaur Gladiator began the quest for the Orb.
     0 | D:1      | Reached XP level 1. HP: 18/18 MP: 0/0
    29 | D:1      | Reached skill level 4 in Long Blades
   158 | D:1      | Reached XP level 2. HP: 25/25 MP: 1/1
   488 | D:1      | Reached skill level 5 in Long Blades
   492 | D:1      | Reached XP level 3. HP: 29/30 MP: 2/2
  1197 | D:2      | Reached XP level 4. HP: 31/37 MP: 3/3
  1284 | D:2      | Reached skill level 6 in Long Blades
  1314 | D:2      | Found an oddly glowing altar of Pakellas.
  1315 | D:2      | Noticed a tengu reaver
  1324 | D:2      | Killed a tengu reaver
  1394 | D:2      | Found a shadowy altar of Dithmenos.
  2837 | D:3      | Found a sparkling altar of Nemelex Xobeh.
  2867 | D:3      | Noticed an ogre
  2874 | D:3      | Killed an ogre
  2874 | D:3      | Reached skill level 5 in Fighting
  2874 | D:3      | Reached XP level 5. HP: 48/48 MP: 4/4
  3276 | D:3      | Reached XP level 6. HP: 35/56 MP: 5/5
  3612 | D:4      | Found Suptuta's Weapon Emporium.
  3697 | D:4      | Reached skill level 7 in Long Blades
  3804 | D:4      | Reached XP level 7. HP: 44/64 MP: 6/6
  3927 | D:4      | Found a sacrificial altar of Ru.
  4111 | D:4      | Found a bloodstained altar of Trog.
  4134 | D:4      | Noticed Natasha
  4143 | D:4      | Killed Natasha
  4394 | D:4      | Found a sacrificial altar of Ru.
  4395 | D:4      | Noticed Natasha
  4402 | D:4      | Killed Natasha
  4569 | D:4      | Found a bloodstained altar of Trog.
  4657 | D:4      | Found Suptuta's Weapon Emporium.
  4664 | D:4      | Noticed Natasha
  4671 | D:4      | Killed Natasha
  4697 | D:5      | Entered Level 5 of the Dungeon
  4751 | D:4      | Reached skill level 8 in Long Blades
  5746 | D:5      | Found a shimmering altar of Xom.
  5765 | D:5      | You fall through a shaft for 2 floors!
  5791 | D:7      | Noticed Joseph
  5801 | D:6      | Found an iron altar of Okawaru.
  5804 | D:6      | Found a stormy altar of Qazlal.
  5804 | D:6      | Found a shattered altar of Ashenzari.
  5804 | D:6      | Found a glowing golden altar of the Shining One.
  5808 | D:6      | Became a worshipper of Warmaster Okawaru
  5870 | D:6      | Reached skill level 9 in Long Blades
  5878 | D:6      | Reached XP level 8. HP: 58/73 MP: 7/7
  6026 | D:6      | Reached skill level 5 in Dodging
  6311 | D:5      | Reached * piety under Okawaru
  6508 | D:5      | Found a staircase to the Ecumenical Temple.
  7382 | D:7      | Found an iron altar of Okawaru.
  7382 | D:7      | Noticed Prince Ribbit
  7383 | D:7      | Noticed Lloydski's ghost (novice TrFi)
  7732 | D:7      | Reached XP level 9. HP: 83/83 MP: 8/8
  7793 | D:6      | Reached skill level 10 in Long Blades
  8095 | D:7      | Killed Joseph
  8095 | D:7      | Reached ** piety under Okawaru
  8096 | D:7      | Reached skill level 11 in Long Blades
  8862 | D:7      | Killed Lloydski's ghost
  8862 | D:7      | Reached skill level 10 in Fighting
  8943 | D:7      | Killed Prince Ribbit
  9065 | D:7      | Got a flickering lapis lazuli ring
  9102 | D:7      | Identified the ring "Tipnon" {*Tele +Inv rC+ MR++ Dex-5} (You found it on level 7 of the Dungeon)
  9105 | D:7      | Paralysed by a wasp for 2 turns
  9113 | D:7      | Paralysed by a wasp for 2 turns
  9349 | D:7      | Reached XP level 10. HP: 92/95 MP: 9/9
  9359 | D:7      | Reached *** piety under Okawaru
  9539 | D:7      | Found an iron altar of Okawaru.
  9767 | D:8      | Reached skill level 12 in Long Blades
 10134 | D:8      | Noticed Dragandan's ghost (novice TeBe)
 10764 | D:9      | Noticed Moloch's ghost (novice DsFi)
 10811 | D:9      | Killed Moloch's ghost
 10897 | D:9      | Reached skill level 13 in Long Blades
 10932 | D:9      | Reached skill level 1 in Invocations
 11004 | D:9      | Found a staircase to the Lair.
 11210 | D:9      | Reached **** piety under Okawaru
 11493 | D:10     | Entered Level 10 of the Dungeon
 11804 | D:10     | Received a gift from Okawaru
 11960 | D:10     | Found a portal to a secret trove of treasure.
 12315 | D:10     | Reached skill level 14 in Long Blades
 12364 | D:11     | Reached XP level 11. HP: 93/102 MP: 10/10
 12756 | D:11     | Reached ***** piety under Okawaru
 13122 | D:11     | Found a burning altar of Makhleb.
 13124 | D:11     | Found Ciunuati's Profane Products.
 13344 | D:11     | Noticed a hill giant
 13354 | D:11     | Killed a hill giant
 13354 | D:11     | Reached skill level 5 in Invocations
 14072 | D:8      | Killed Dragandan's ghost
 14072 | D:8      | Received a gift from Okawaru
 14300 | D:12     | Noticed an orc knight
 14300 | D:12     | Noticed Urug
 14320 | D:12     | Killed an orc knight
 14320 | D:12     | Received a gift from Okawaru
 14599 | D:12     | Noticed a brown ugly thing
 14732 | D:12     | Found a roughly hewn altar of Beogh.
 14762 | D:12     | Killed Urug
 14771 | D:12     | Noticed a white ugly thing
 14946 | D:11     | Found a burning altar of Makhleb.
 14949 | D:11     | Found Ciunuati's Profane Products.
 15834 | D:11     | Found a burning altar of Makhleb.
 15839 | D:11     | Found Ciunuati's Profane Products.
 16159 | D:11     | Found a burning altar of Makhleb.
 16161 | D:11     | Found Ciunuati's Profane Products.
 16383 | D:11     | Noticed a hill giant
 16392 | D:11     | Killed a hill giant
 16604 | D:12     | HP: 4/104 [orc priest/nerve-wracking pain (4)]
 16605 | D:12     | Killed a white ugly thing
 16606 | D:12     | Killed from afar by an orc priest

Skill      XL: |  1  2  3  4  5  6  7  8  9 10 11 |
---------------+----------------------------------+-----
Long Blades    | 4 5 6 7 9 11 14 | 14.9
Fighting       | 5 6 7 9 11 12 | 12.0
Dodging        | 7 9 |  9.3
Invocations    | 1 7 |  7.2
Throwing       | |  2.0

Action                   |  1- 3 |  4- 6 |  7- 9 | 10-12 || total
-------------------------+-------+-------+-------+-------++-------
Melee: Long sword        |    90 |    85 |   323 |   625 ||  1123
       Headbutt          |    11 |    23 |    68 |   162 ||   264
       Punch             |       |       |       |     2 ||     2
Throw: Throwing net      |       |     3 |     2 |       ||     5
Invok: Heroism           |       |       |     4 |     7 ||    11
       Finesse           |       |       |       |     1 ||     1
  Use: Scroll            |       |       |     7 |     3 ||    10
       Potion            |       |       |     1 |       ||     1
 Stab: Held in net/web   |       |     1 |     2 |       ||     3
       Sleeping          |       |     1 |     1 |       ||     2
  Eat: Chunk             |     1 |     3 |    12 |     6 ||    22
       Beef jerky        |       |     2 |     1 |     3 ||     6
       Fruit             |       |     1 |       |       ||     1
       Meat ration       |       |       |     1 |     1 ||     2
       Pizza             |       |       |     1 |     4 ||     5
       Royal jelly       |       |       |       |     1 ||     1
Armor: Leather armour    |    18 |    25 |    51 |    59 ||   153
Dodge: Dodged            |    57 |    52 |   199 |   343 ||   651
